 Dungeon Crawl Stone Soup version 0.28-a0-95-g65e1ffefe4 (webtiles) character file.

Game seed: 10050824203730369981

163 Gargoyl the Skirmisher (level 5, -1/70 HPs)
             Began as a Gnoll Abyssal Knight on Aug 7, 2021.
             Was a Believer of Lugonu.
             Succumbed to a scorpion's poison
             ... on level 4 of the Dungeon on Aug 8, 2021.
             The game lasted 00:05:18 (3616 turns).

Gargoyl the Skirmisher (Gnoll Abyssal Knight)       Turns: 3616, Time: 00:05:18

Health: -1/70      AC: 10    Str: 12    XL:     5   Next: 44%
Magic:  3/8        EV:  6    Int: 11    God:    Lugonu [**....]
Gold:   216        SH:  0    Dex: 12    Spells: 7/7 levels left

rFire   . . .      SeeInvis .   a - +1 hand axe
rCold   . . .      Faith    .   (no shield)
rNeg    . . .      Spirit   +   c - +1 chain mail
rPois   .          Reflect  .   (no helmet)
rElec   .          Harm     .   (no cloak)
rCorr   .          Rampage  .   (no gloves)
Will    .....                   (no boots)
Stlth   ..........              b - amulet of guardian spirit
HPRegen 0.21/turn               (no ring)
MPRegen 0.11/turn               (no ring)

@: brilliant, berserking, lethally poisoned (-1 -> -23), very quick
A: fangs 1, strong nose, distributed training, inability to read while
threatened
a: Renounce Religion, Depart the Abyss, Bend Space


You were on level 4 of the Dungeon.
You worshipped Lugonu.
Lugonu was pleased with you.
You visited 1 branch of the dungeon, and saw 4 of its levels.
You visited the Abyss 1 time.

You collected 216 gold pieces.

Inventory:

Hand Weapons
 a - a +1 hand axe (weapon)
 h - a +0 trident of flaming
Armour
 c - a +1 chain mail (worn)
Jewellery
 b - an amulet of guardian spirit (around neck)
Wands
 d - a wand of polymorph (6)
 e - a wand of flame (18)
Scrolls
 g - a scroll of teleportation
Potions
 f - 2 potions of invisibility
 j - a potion of brilliance
 k - a potion of mutation


   Skills:
 + Level 6.7 Fighting
 + Level 1.5 Short Blades
 + Level 1.5 Long Blades
 + Level 4.8 Axes
 + Level 1.5 Maces & Flails
 + Level 1.5 Polearms
 + Level 1.5 Staves
 + Level 1.5 Slings
 + Level 1.5 Bows
 + Level 1.5 Crossbows
 + Level 1.5 Throwing
 + Level 4.8 Armour
 + Level 3.0 Dodging
 + Level 1.5 Stealth
 + Level 1.5 Shields
 + Level 1.5 Unarmed Combat
 + Level 1.5 Spellcasting
 + Level 1.2 Conjurations
 + Level 1.2 Hexes
 + Level 1.2 Summonings
 + Level 1.2 Necromancy
 + Level 1.2 Translocations
 + Level 1.2 Transmutations
 + Level 1.2 Fire Magic
 + Level 1.2 Ice Magic
 + Level 1.2 Air Magic
 + Level 1.2 Earth Magic
 + Level 1.2 Poison Magic
 + Level 4.9 Invocations
 + Level 1.5 Evocations


You had 7 spell levels left.
You didn't know any spells.
Your spell library contained the following spells:

 Spells                   Type           Power      Damage    Failure   Level
 Summon Small Mammal      Summ           20%        N/A       99%         1
 Blink                    Tloc           N/A        N/A       100%        2
 Call Canine Familiar     Summ           5%         N/A       100%        3
 Lesser Beckoning         Tloc           2%         N/A       100%        3
 Summon Guardian Golem    Hex/Summ       5%         N/A       100%        3
 Manifold Assault         Tloc           5%         N/A       100%        5


Dungeon Overview and Level Annotations

Branches:
Dungeon (4/15)
 Temple: D:4-7

Altars:
Xom
Zin

Annotations:
D:3 3 runed translucent doors, CakeIsGreat's ghost, amateur GrFi


Innate Abilities, Weirdness & Mutations

You have very sharp teeth.
Your uncanny sense of smell can sniff out nearby items.
Your experience applies equally to all skills.
You sometimes lose the ability to read scrolls when taking damage.


Message History

Press: ? - help, Shift-Dir - straight line, f - scorpion
Aim: a scorpion (moderately wounded, 71% to hit)
The puff of flame hits the scorpion but does no damage.
The scorpion is moderately wounded.
You feel sick. The scorpion stings you.
Aiming: Throw Flame
Press: ? - help, Shift-Dir - straight line, f/p - scorpion
Aim: a scorpion (moderately wounded, 71% to hit)
The puff of flame hits the scorpion.
The scorpion is heavily wounded.
You feel sick. The scorpion stings you.
Aiming: Throw Flame
Press: ? - help, Shift-Dir - straight line, f/p - scorpion
Aim: a scorpion (heavily wounded, 71% to hit)
The puff of flame misses the scorpion.
You feel sick. The scorpion stings you.
* * * LOW HITPOINT WARNING * * *
You are lethally poisoned!
The scorpion poisons you!
The scorpion stings you but does no damage.
It was a potion of brilliance.
You feel clever all of a sudden.
* * * LOW HITPOINT WARNING * * *
You feel very sick. The scorpion barely misses you.
It was a potion of mutation.
You feel extremely strange.
You lose the ability to read scrolls when threatened.
* * * LOW HITPOINT WARNING * * *
You feel very sick. The scorpion barely misses you.
It was a potion of berserk rage.
A red film seems to cover your vision as you go berserk!
You feel yourself moving faster!
You feel mighty!
* * * LOW HITPOINT WARNING * * *
You feel sick. The scorpion stings you.
* * * LOW HITPOINT WARNING * * *
You are more poisoned.
The scorpion poisons you!
Your chain mail prevents you from hitting the scorpion.
The scorpion is heavily wounded.
You die...

.♣ ♣♣ .#
... ....(
##
♣.♣♣♣.♣.#
.#
♣.....♣.#
.# .._..♣.#
.# ...♣.#
.#
.♣.♣♣♣s♣.#
.#
.......@.#
.#
#.♣♣♣♣♣♣♣.#
<#
#.........#
.#
#####...##
.# ##.##
.#######
#.#
.......#
#.#
######.#
#.### #.#
#..)#


You could see a scorpion.

Vanquished Creatures
  An orc priest (D:3)
  An orc wizard (D:3)
  A hound skeleton (D:3)
  2 adders (D:2)
  A worm (D:2)
  2 dart slugs (D:2)
  6 orcs (D:3)
  3 ball pythons
  10 bats
  7 endoplasms
  3 giant cockroaches
  5 goblins
  6 hobgoblins
  6 kobolds
  2 quokkas
  5 frilled lizards
  3 rats
64 creatures vanquished.

Notes
Turn   | Place    | Note
-------+----------+-------------------------------------------
     0 | Abyss:1  | Gargoyl the Gnoll Abyssal Knight began the quest for the
                  | Orb.
     0 | Abyss:1  | Reached XP level 1. HP: 23/23 MP: 3/3
   113 | Abyss:1  | Found a corrupted altar of Lugonu.
   129 | Abyss:1  | Noticed a tentacled starspawn
   165 | Abyss:1  | Noticed a red very ugly thing
   165 | Abyss:1  | Noticed a red ugly thing
   165 | Abyss:1  | Noticed a red ugly thing
   165 | Abyss:1  | Noticed a red very ugly thing
   181 | Abyss:2  | Found a corrupted altar of Lugonu.
   229 | Abyss:2  | Noticed an iron dragon skeleton
   239 | Abyss:2  | Noticed a small abomination
   269 | Abyss:2  | Noticed a flying skull
   274 | Abyss:2  | Noticed a wretched star
   280 | Abyss:2  | Noticed a small abomination
   283 | Abyss:2  | Noticed a ynoxinul
   314 | Abyss:3  | Upgraded the game from 0.28-a0-94-g325244837d to
                  | 0.28-a0-95-g65e1ffefe4
   331 | Abyss:3  | Noticed a tarantella
   333 | Abyss:3  | Noticed a fire crab
   333 | Abyss:3  | a tarantella changed into a fire crab
   338 | Abyss:3  | Noticed a thrashing horror
   343 | D:1      | Escaped the Abyss
   424 | D:1      | Reached * piety under Lugonu
   507 | D:1      | Reached XP level 2. HP: 28/29 MP: 5/5
  1055 | D:1      | Found a faded altar of an unknown god.
  1349 | D:2      | Reached XP level 3. HP: 35/35 MP: 6/6
  1879 | D:2      | Reached skill level 1 in Short Blades
  1879 | D:2      | Reached skill level 1 in Long Blades
  1879 | D:2      | Reached skill level 1 in Maces & Flails
  1879 | D:2      | Reached skill level 1 in Polearms
  1879 | D:2      | Reached skill level 1 in Staves
  1879 | D:2      | Reached skill level 1 in Slings
  1879 | D:2      | Reached skill level 1 in Bows
  1879 | D:2      | Reached skill level 1 in Crossbows
  1879 | D:2      | Reached skill level 1 in Throwing
  1879 | D:2      | Reached skill level 1 in Stealth
  1879 | D:2      | Reached skill level 1 in Shields
  1879 | D:2      | Reached skill level 1 in Unarmed Combat
  1879 | D:2      | Reached skill level 1 in Spellcasting
  1879 | D:2      | Reached skill level 1 in Evocations
  2226 | D:2      | Reached XP level 4. HP: 38/41 MP: 7/7
  2352 | D:2      | Reached ** piety under Lugonu
  2801 | D:3      | Reached skill level 1 in Conjurations
  2801 | D:3      | Reached skill level 1 in Hexes
  2801 | D:3      | Reached skill level 1 in Summonings
  2801 | D:3      | Reached skill level 1 in Necromancy
  2801 | D:3      | Reached skill level 1 in Translocations
  2801 | D:3      | Reached skill level 1 in Transmutations
  2801 | D:3      | Reached skill level 1 in Fire Magic
  2801 | D:3      | Reached skill level 1 in Ice Magic
  2801 | D:3      | Reached skill level 1 in Air Magic
  2801 | D:3      | Reached skill level 1 in Earth Magic
  2801 | D:3      | Reached skill level 1 in Poison Magic
  2807 | D:3      | Reached XP level 5. HP: 42/47 MP: 4/8
  3031 | D:3      | Found a runed translucent gate.
  3031 | D:3      | Found a runed translucent gate.
  3031 | D:3      | Found a runed translucent gate.
  3311 | D:3      | Found a glowing silver altar of Zin.
  3443 | D:3      | Noticed CakeIsGreat's ghost (amateur GrFi)
  3596 | D:4      | Found a shimmering altar of Xom.
  3614 | D:4      | Gained mutation: You sometimes lose the ability to read
                  | scrolls when taking damage. [potion of mutation]
  3615 | D:4      | HP: 3/70 [scorpion (2)]
  3616 | D:4      | Succumbed to a scorpion's poison

Illustrated notes

Levels and vault maps discovered:
D:1:      roderic_octagonal_star, layout_basic,
          hellmonk_ecumenical_altar_leap_of_faith,
          chequers_serial_rivers_small_a, minmay_fountain_box, minmay_vboxes
D:2:      layout_loops_cross, wander_ebering_terrifying_dragon_lair
D:3:      layout_basic, zin_scriptorium, gammafunk_ghost_necromancy
D:4:      layout_loops_ring, nemelex_diamond_rough_becter,
          mainiacjoe_overflow_cross_hatched, enter_ossuary_2

Skill      XL: |  1  2  3  4  5 |
---------------+----------------+-----
Short Blades   | 1 |  1.5
Long Blades    | 1 |  1.5
Maces & Flails | 1 |  1.5
Polearms       | 1 |  1.5
Staves         | 1 |  1.5
Slings         | 1 |  1.5
Bows           | 1 |  1.5
Crossbows      | 1 |  1.5
Throwing       | 1 |  1.5
Stealth        | 1 |  1.5
Shields        | 1 |  1.5
Unarmed Combat | 1 |  1.5
Spellcasting   | 1 |  1.5
Evocations     | 1 |  1.5
Conjurations   | 1 |  1.2
Hexes          | 1 |  1.2
Summonings     | 1 |  1.2
Necromancy     | 1 |  1.2
Translocations | 1 |  1.2
Transmutations | 1 |  1.2
Fire Magic     | 1 |  1.2
Ice Magic      | 1 |  1.2
Air Magic      | 1 |  1.2
Earth Magic    | 1 |  1.2
Poison Magic   | 1 |  1.2
Dodging        | 3 |  3.0
Fighting       | |  6.7
Axes           | |  4.8
Armour         | |  4.8
Invocations    | |  4.9

Action                   |  1- 3 |  4- 6 || total
-------------------------+-------+-------++-------
Melee: Hand axe          |   129 |   118 ||   247
       Bite              |     6 |    14 ||    20
       Punch             |     1 |       ||     1
Invok: Depart the Abyss  |     1 |       ||     1
Evoke: Wand              |     1 |     3 ||     4
  Use: Scroll            |     4 |     3 ||     7
       Potion            |       |     5 ||     5
Armor: Chain mail        |   146 |    90 ||   236
Dodge: Dodged            |    58 |    42 ||   100

Table legend: (Time is in decaauts)
 A = Elapsed time spent in this place.
 B = Non-inter-level travel time spent in this place.
 C = Inter-level travel time spent in this place.
 D = Time resting spent in this place.
 E = Time spent auto-exploring this place.
 F = Levels seen in this place.
 G = Mean time per level.
                   A        B        C        D        E       F      G
               +--------+--------+--------+--------+--------+-----+--------+
         Total |   3619 |   3560 |     59 |      0 |   2807 |   7 |  517.0 |
       Dungeon |   3289 |   3230 |     59 |      0 |   2614 |   4 |  822.2 |
         Abyss |    330 |    330 |      0 |      0 |    193 |   3 |  110.0 |
               +--------+--------+--------+--------+--------+-----+--------+

Top non-repeatable levels by time:
     D:2: 1200 daAuts
     D:1: 1007 daAuts
     D:3: 985 daAuts
 Abyss:1: 181 daAuts
     D:4: 96 daAuts
 Abyss:2: 91 daAuts
 Abyss:3: 57 daAuts
